 Dungeon Crawl Stone Soup version 0.28.0-53-g5a82cb258f (webtiles) character file.

Game seed: 7491625852811214164

1528 MisterFreud the Covert (level 8, -12/61 (67) HPs)
             Began as a Gnoll Delver on June 5, 2022.
             Was a Follower of Yredelemnul.
             Mangled by a wight
             ... wielding a +0 war axe
              (13 damage)
             ... on level 6 of the Dungeon.
             The game lasted 00:08:08 (7558 turns).

MisterFreud the Covert (Gnoll Delver)               Turns: 7558, Time: 00:08:09

HP:   -12/61 (67)   AC:  3    Str: 12    XL:     8   Next: 85%
MP:   13/13         EV: 13    Int: 12    God:    Yredelemnul [*.....]
Gold: 292           SH:  0    Dex: 13    Spells: 14/14 levels left

rFire   . . .      SeeInvis .   i - +4 quarterstaff
rCold   . . .      Faith    .   (shield currently unavailable)
rNeg    + . .      Spirit   .   b - +0 leather armour
rPois   .          Reflect  .   (no helmet)
rElec   .          Harm     .   (no cloak)
rCorr   .          Rampage  .   (no gloves)
Will    .....                   (no boots)
Stlth   ++++......              (no amulet)
HPRegen 0.20/turn               q - ring of positive energy
MPRegen 0.13/turn               n - ring of flight

@: flying, drained
A: fangs 1, strong nose, distributed training
a: Renounce Religion, Recall Undead Harvest


You were on level 6 of the Dungeon.
You worshipped Yredelemnul.
Yredelemnul was noncommittal.
You visited 2 branches of the dungeon, and saw 8 of its levels.

You collected 292 gold pieces.

Inventory:

Hand Weapons
 a - a +0 short sword
 h - a +1 falchion of electrocution
 i - a +4 quarterstaff (weapon)
Missiles
 s - 3 curare-tipped darts (quivered)
Armour
 b - a +0 leather armour (worn)
 r - a +2 buckler of poison resistance
Jewellery
 k - a ring of see invisible
 l - an amulet of magic regeneration
 n - a ring of flight (right hand)
 q - a ring of positive energy (left hand)
Wands
 g - a wand of digging (3)
Scrolls
 c - a scroll of fog
 d - 3 scrolls of magic mapping
 e - a scroll of fear
 j - 2 scrolls of teleportation
 v - 3 scrolls of vulnerability
Potions
 f - 3 potions of haste
 m - 2 potions of lignification
 o - 3 potions of curing
 p - a potion of heal wounds
 t - 2 potions of brilliance {unknown}
 u - 2 potions of attraction
 w - a potion of mutation


   Skills:
 + Level 7.5 Fighting
 + Level 5.9 Short Blades
 + Level 3.6 Long Blades
 + Level 3.6 Axes
 + Level 3.6 Maces & Flails
 + Level 3.6 Polearms
 + Level 3.6 Staves
 + Level 3.6 Slings
 + Level 3.6 Bows
 + Level 3.6 Crossbows
 + Level 3.6 Throwing
 + Level 3.6 Armour
 + Level 5.9 Dodging
 + Level 10.3 Stealth
 + Level 3.6 Shields
 + Level 3.6 Unarmed Combat
 + Level 3.6 Spellcasting
 + Level 3.0 Conjurations
 + Level 3.0 Hexes
 + Level 3.0 Summonings
 + Level 3.0 Necromancy
 + Level 3.0 Translocations
 + Level 3.0 Transmutations
 + Level 3.0 Fire Magic
 + Level 3.0 Ice Magic
 + Level 3.0 Air Magic
 + Level 3.0 Earth Magic
 + Level 3.0 Poison Magic
 + Level 4.0 Invocations
 + Level 3.6 Evocations


You had 14 spell levels left.
You didn't know any spells.
Your spell library contained the following spells:

 Spells                   Type           Power      Damage    Failure   Level
 Foxfire                  Conj/Fire      36%        2x1d5     9%          1
 Conjure Flame            Conj/Fire      9%         6-21      26%         3
 Inner Flame              Hex/Fire       9%         N/A       26%         3
 Summon Guardian Golem    Hex/Summ       9%         N/A       26%         3
 Flame Wave               Conj/Fire      9%         2d5       63%         4
 Orb of Destruction       Conj           4%         9d5       100%        7
 Spellforged Servitor     Conj/Summ      4%         N/A       100%        7


Dungeon Overview and Level Annotations

Branches:
Dungeon (7/15)             Temple (1/1) D:4

Altars:
Ashenzari
Cheibriados
Dithmenos
Elyvilon
Fedhas
Gozag
Hepliaklqana
Kikubaaqudgha
Makhleb
Okawaru
Sif Muna
Trog
Uskayaw
Vehumet
Wu Jian
Yredelemnul
Zin
The Shining One

Shops:
D:5 =


Innate Abilities, Weirdness & Mutations

You have very sharp teeth.
Your uncanny sense of smell can sniff out nearby items.
Your experience applies equally to all skills.


Message History

Unknown command.
You hit the wight. Your bite misses the wight.
The wight is moderately damaged.
The wight closely misses you. The wight hits you with a +0 war axe!
You partially resist.
You feel drained.
Unknown command.
You hit the wight but do no damage.
The wight is moderately damaged.
The wight closely misses you.
You barely miss the wight.
The wight is moderately damaged.
The wight closely misses you.
Unknown command.
You closely miss the wight. You bite the wight, but do no damage.
The wight is moderately damaged.
The wight hits you with a +0 war axe.
* * * LOW HITPOINT WARNING * * *
You hit the wight. You bite the wight, but do no damage.
The wight is moderately damaged.
The wight hits you with a +0 war axe.
* * * LOW HITPOINT WARNING * * *
You partially resist.
You feel drained.
Unknown command.
You hit the wight.
The wight is heavily damaged.
The wight barely misses you.
You hit the wight.
The wight is severely damaged.
The wight barely misses you.
Unknown command.
You hit the wight.
The wight is almost destroyed.
The wight closely misses you.
You closely miss the wight.
The wight is almost destroyed.
The wight hits you with a +0 war axe!
* * * LOW HITPOINT WARNING * * *
The wight hits you with a +0 war axe!
You die...
Your body rises from the dead as a mindless zombie.

..###...#...####..##..#####.#.#
........#...# #..##..## #.#.#
####....########.......####.#.#
#....# #..Z.............#.#
####....# #.###.######.###.#.#
........# #.# #.# #...#.#.#
##'.....## #.# #.# #####...#
..#......# #.# #z# .♣#...#
'.#.#.##.###.###@#####♣.♣ #####
#.#.#.##..##...ZZZ##.'..♣
#.#.#....)........)..#♣z..#
#.#.#####..#......#### ♣#
#.#........#......#
'.#........#......#
..#........#......#
##'...............#
..................#


You could see a wight (ally target), 2 friendly gnoll zombies and a friendly
howler monkey zombie.

Vanquished Creatures
  A water moccasin (D:6)
  A hornet zombie (D:6)
  2 necrophages
  2 ogres
  A scorpion (D:6)
  A water moccasin zombie (D:5)
  2 howler monkeys
  A bullfrog zombie (D:5)
  2 gnoll shamans
  3 orc priests
  A bullfrog skeleton (D:6)
  4 iguanas
  An orc wizard (D:5)
  11 gnolls
  A howler monkey skeleton (D:5)
  8 adders
  An adder skeleton (D:4)
  A worm (D:3)
  2 dart slugs
  16 orcs
  3 bats
  9 endoplasms
  A giant cockroach (D:3)
  4 goblins
  5 hobgoblins
  5 jackals (D:3)
  4 quokkas
  5 ball pythons
  3 frilled lizards
  4 kobolds
  5 rats
110 creatures vanquished.

Vanquished Creatures (collateral kills)
  Menkaure (D:5)
  A wight (D:6)
  An iguana (D:5)
  2 gnolls (D:6)
  A hobgoblin (D:4)
6 creatures vanquished.

Vanquished Creatures (others)
  An adder zombie (D:4)
  A ball python zombie (D:4)
  3 gnoll zombies (D:6)
  An orc zombie (D:5)
  A quokka zombie (D:5)
  A spectral endoplasm (D:4)
8 creatures vanquished.

Grand Total: 124 creatures vanquished

Notes
Turn   | Place    | Note
-------+----------+-------------------------------------------
     0 | D:5      | Reached skill level 9 in Stealth
     0 | D:5      | MisterFreud the Gnoll Delver began the quest for the Orb.
     0 | D:5      | Reached XP level 1. HP: 23/23 MP: 1/1
    32 | D:6      | Noticed a howler monkey
    57 | D:5      | Reached XP level 2. HP: 11/29 MP: 1/3
    57 | D:5      | Reached XP level 3. HP: 13/35 MP: 1/4
   234 | D:5      | Reached skill level 1 in Invocations
   374 | D:5      | Reached skill level 1 in Long Blades
   374 | D:5      | Reached skill level 1 in Axes
   374 | D:5      | Reached skill level 1 in Maces & Flails
   374 | D:5      | Reached skill level 1 in Polearms
   374 | D:5      | Reached skill level 1 in Staves
   374 | D:5      | Reached skill level 1 in Slings
   374 | D:5      | Reached skill level 1 in Bows
   374 | D:5      | Reached skill level 1 in Crossbows
   374 | D:5      | Reached skill level 1 in Throwing
   374 | D:5      | Reached skill level 1 in Armour
   374 | D:5      | Reached skill level 1 in Shields
   374 | D:5      | Reached skill level 1 in Unarmed Combat
   374 | D:5      | Reached skill level 1 in Spellcasting
   374 | D:5      | Reached skill level 1 in Evocations
   374 | D:5      | Reached XP level 4. HP: 41/41 MP: 5/5
   467 | D:5      | Reached skill level 1 in Conjurations
   467 | D:5      | Reached skill level 1 in Hexes
   467 | D:5      | Reached skill level 1 in Summonings
   467 | D:5      | Reached skill level 1 in Necromancy
   467 | D:5      | Reached skill level 1 in Translocations
   467 | D:5      | Reached skill level 1 in Transmutations
   467 | D:5      | Reached skill level 1 in Fire Magic
   467 | D:5      | Reached skill level 1 in Ice Magic
   467 | D:5      | Reached skill level 1 in Air Magic
   467 | D:5      | Reached skill level 1 in Earth Magic
   467 | D:5      | Reached skill level 1 in Poison Magic
   900 | D:5      | Reached XP level 5. HP: 23/47 MP: 6/6
  3112 | D:3      | Reached XP level 6. HP: 32/53 MP: 8/8
  3603 | D:4      | Found a staircase to the Ecumenical Temple.
  3618 | Temple   | Entered the Ecumenical Temple
  3727 | Temple   | Became a worshipper of Yredelemnul the Dark
  3816 | D:4      | Reached skill level 5 in Short Blades
  3816 | D:4      | Reached skill level 5 in Dodging
  4369 | D:4      | Reached * piety under Yredelemnul
  4417 | D:4      | Reached XP level 7. HP: 59/59 MP: 10/10
  4434 | D:4      | Reached ** piety under Yredelemnul
  5198 | D:5      | Noticed Menkaure
  5228 | D:5      | Found Siuk's Jewellery Boutique.
  5251 | D:5      | Killed Menkaure
  5252 | D:5      | Reached skill level 10 in Stealth
  5261 | D:5      | Reached XP level 8. HP: 25/67 MP: 12/12
  7558 | D:6      | HP: 1/61 [wight/+0 war axe (14)]
  7558 | D:6      | Mangled by a wight

Illustrated notes

Levels and vault maps discovered:
D:1:      dpeg_arrival_long_road, layout_loops_cross, hex_large
D:2:      layout_basic, minmay_domino_2
D:3:      layout_loops_cross, kennysheep_decorative_pillar, st_stairs_10,
          grunt_ministairs_12, minmay_misc_feat_five
D:4:      nicolae_cairo_tiling_very_big, layout_basic
D:5:      layout_basic, serial_corexii_hall, chequers_hall_statues_corner_a,
          corexii_hall_statues_t, serial_shops, nicolae_shop_stone,
          nicolae_figureground_pulse, uniq_menkaure
D:6:      layout_basic, minivault_11, chequers_arboretum, minmay_ogre_servants
D:7:      layout_gridville, minmay_stone_trees_small
Temple:   regret_index_temple_chain_breaker

Skill      XL: |  1  2  3  4  5  6  7  8 |
---------------+-------------------------+-----
Stealth        | 10 | 10.3
Invocations    | 1 2 3 4 |  4.0
Long Blades    | 1 2 3 |  3.6
Axes           | 1 2 3 |  3.6
Maces & Flails | 1 2 3 |  3.6
Polearms       | 1 2 3 |  3.6
Staves         | 1 2 3 |  3.6
Slings         | 1 2 3 |  3.6
Bows           | 1 2 3 |  3.6
Crossbows      | 1 2 3 |  3.6
Throwing       | 1 2 3 |  3.6
Armour         | 1 2 3 |  3.6
Shields        | 1 2 3 |  3.6
Unarmed Combat | 1 2 3 |  3.6
Spellcasting   | 1 2 3 |  3.6
Evocations     | 1 2 3 |  3.6
Conjurations   | 1 2 3 |  3.0
Hexes          | 1 2 3 |  3.0
Summonings     | 1 2 3 |  3.0
Necromancy     | 1 2 3 |  3.0
Translocations | 1 2 3 |  3.0
Transmutations | 1 2 3 |  3.0
Fire Magic     | 1 2 3 |  3.0
Ice Magic      | 1 2 3 |  3.0
Air Magic      | 1 2 3 |  3.0
Earth Magic    | 1 2 3 |  3.0
Poison Magic   | 1 2 3 |  3.0
Short Blades   | 5 |  5.9
Dodging        | 5 |  5.9
Fighting       | 7 |  7.5

Action                   |  1- 3 |  4- 6 |  7- 9 || total
-------------------------+-------+-------+-------++-------
Melee: Quarterstaff      |    10 |   170 |   144 ||   324
       Bite              |     1 |    14 |    18 ||    33
  Use: Scroll            |       |     4 |     6 ||    10
       Potion            |       |       |     1 ||     1
 Stab: Sleeping          |     1 |    22 |     7 ||    30
       Distracted        |       |     1 |     2 ||     3
Armor: Leather armour    |     2 |    36 |    13 ||    51
Dodge: Dodged            |     7 |   117 |    97 ||   221
